 Dungeon Crawl Stone Soup version 0.24.0-123-gd5b16e6ec5 (webtiles) character file.

Game seed: 10352977585409445550, levelgen mode: deterministic

931 DavidChitty2 the Chopper (level 7, 0/63 HPs)
             Began as a Minotaur Fighter on Jan 30, 2020.
             Splashed by a jelly's acid (7 damage)
             ... on level 7 of the Dungeon.
             The game lasted 00:05:39 (4439 turns).

DavidChitty2 the Chopper (Minotaur Fighter)         Turns: 4439, Time: 00:05:40

Health: 0/63       AC: -3    Str: 22    XL:     7   Next: 86%
Magic:  6/6        EV:  8    Int:  5    God:
Gold:   226        SH: 11    Dex: 10    Spells: 6/6 levels left

rFire    . . .     SeeInvis .   a - +1 war axe
rCold    . . .     Gourm    .   c - +1 shield
rNeg     . . .     Faith    .   b - +0 scale mail
rPois    .         Spirit   .   (helmet restricted)
rElec    .         Reflect  .   g - +0 cloak
rCorr    .         Harm     .   (no gloves)
MR       .....                  (no boots)
Stlth    ..........             (no amulet)
HPRegen  0.20/turn              (no ring)
MPRegen  0.10/turn              (no ring)

@: corroded
A: retaliatory headbutt, horns 2
a: no special abilities


You were on level 7 of the Dungeon.
You were hungry.

You visited 2 branches of the dungeon, and saw 6 of its levels.

You collected 226 gold pieces.

Inventory:

Hand Weapons
 a - a +1 war axe (weapon)
Armour
 b - a +0 scale mail (worn)
 c - a +1 shield (worn)
 g - a +0 cloak (worn)
   (You found it on level 4 of the Dungeon)
Jewellery
 i - an uncursed ring of wizardry {unknown}
   (You found it on level 1 of the Dungeon)
 q - an uncursed ring of poison resistance {unknown}
   (You found it on level 4 of the Dungeon)
Wands
 u - a wand of paralysis (8)
   (You took it off Ijyb on level 3 of the Dungeon)
Scrolls
 f - a scroll of fog
 j - 2 scrolls of magic mapping
 k - a scroll of teleportation {@r4}
 n - 2 scrolls of amnesia
Potions
 d - a potion of might
 h - a potion of lignification {!q}
 l - a potion of degeneration {unknown}
 o - 3 potions of heal wounds {@q2}
 p - 2 potions of agility
Comestibles
 e - 7 rations {!d}


   Skills:
 + Level 6.0 Fighting
 * Level 7.2 Axes
 + Level 6.0 Armour
 + Level 6.0 Shields


You had 6 spell levels left.
You didn't know any spells.
Your spell library was empty.

Dungeon Overview and Level Annotations

Branches:
Dungeon (4/15)             Temple (1/1) D:4

Altars:
Ashenzari
Cheibriados
Dithmenos
Hepliaklqana
Makhleb
Nemelex Xobeh
Qazlal
Ru
Sif Muna
Trog
Uskayaw
Vehumet
Xom
Yredelemnul
The Shining One


Innate Abilities, Weirdness & Mutations

You reflexively headbutt those who attack you in melee.
You have a pair of horns on your head.


Message History

You headbutt the orc warrior, but do no damage.
You hit the orc wizard. You block the orc wizard's attack.
You block the orc warrior's attack.
The orc wizard hits you but does no damage.
You hit the orc wizard. You completely miss the orc wizard.
You hit the orc warrior. You block the orc wizard's attack.
The orc warrior hits you with a +0 war axe!
The orc wizard hits you but does no damage.
You barely miss the orc wizard. You hit the jelly. The acid corrodes you!
Your hands burn!
You hit the orc warrior but do no damage.
You hit the orc wizard but do no damage.
The orc wizard gestures at you while chanting.
The puff of flame hits you. You block the jelly's attack.
The orc wizard closely misses you.
The orc warrior hits you with a +0 war axe!
* * * LOW HITPOINT WARNING * * *
The orc wizard hits you but does no damage.
You block the jelly's attack.
You hit the orc warrior. You hit the jelly.
Your hands burn!
* * * LOW HITPOINT WARNING * * *
You closely miss the orc wizard. x2
The orc wizard hits you but does no damage.
You block the orc wizard's attack.
The orc warrior hits you with a +0 war axe.
* * * LOW HITPOINT WARNING * * *
The orc wizard points at you and mumbles some strange words.
The puff of frost hits you.
* * * LOW HITPOINT WARNING * * *
The jelly hits you but does no damage.
You hit the orc warrior but do no damage.
Your shield prevents you from hitting the jelly.
You closely miss the orc wizard. You hit the orc wizard.
The orc wizard hits you but does no damage. x2
You block the jelly's attack. You block the orc warrior's attack.
The orc wizard hits you with a +0 dagger.
* * * LOW HITPOINT WARNING * * *
You slash the orc warrior!
You kill the orc warrior!
Your Fighting skill increases to level 6!
Your Armour skill increases to level 6!
Your Shields skill increases to level 6!
You hit the jelly. The acid corrodes you!
Your hands burn!
* * * LOW HITPOINT WARNING * * *
You hit the orc wizard but do no damage.
Your shield and scale mail prevent you from hitting the orc wizard.
You block the orc wizard's attack. x2; The jelly hits you.
* * * LOW HITPOINT WARNING * * *
The acid corrodes you!
You are splashed with acid!
You die...

#..........#
.#..........##.
...............
...............
...#...........
#..............
#......o......
#..@J....%.
##)o)..##..
#.....##
#..#.## ##. .#
#. .# ## .# .#


You could see a jelly and 2 orc wizards.

Vanquished Creatures
  Eustachio (D:3)
  Duvessa (D:4)
  An orc warrior (D:7)
  A phantom (D:4)
  Dowan (D:4)
  A centaur skeleton (D:4)
  2 orc priests
  2 worker ants (D:4)
  Ijyb (D:3)
  Natasha (thrice) (D:3)
  4 orc wizards (D:3)
  3 adders
  A worm (D:2)
  2 dart slugs
  2 leopard geckos (D:3)
  9 orcs
  2 ball pythons
  3 bats
  A giant cockroach (D:4)
  10 goblins
  6 hobgoblins
  9 jackals
  9 kobolds
  2 quokkas
  5 frilled lizards
  6 rats
88 creatures vanquished.

Notes
Turn   | Place    | Note
-------+----------+-------------------------------------------
     0 | D:1      | DavidChitty2 the Minotaur Fighter began the quest for the
                  | Orb.
     0 | D:1      | Reached XP level 1. HP: 19/19 MP: 0/0
   159 | D:1      | Reached XP level 2. HP: 22/27 MP: 1/1
   203 | D:1      | Found a shattered altar of Ashenzari.
   369 | D:1      | Reached skill level 3 in Axes
   733 | D:2      | Reached XP level 3. HP: 32/33 MP: 2/2
   991 | D:2      | Found a hazy altar of Hepliaklqana.
  1441 | D:3      | Reached XP level 4. HP: 36/40 MP: 3/3
  1442 | D:3      | Reached skill level 4 in Axes
  1727 | D:3      | Reached XP level 5. HP: 46/47 MP: 4/4
  2326 | D:4      | Found a staircase to the Ecumenical Temple.
  2345 | Temple   | Entered the Ecumenical Temple
  2600 | D:4      | Noticed a phantom
  2608 | D:4      | Killed a phantom
  2608 | D:4      | Reached skill level 5 in Axes
  2608 | D:4      | Reached XP level 6. HP: 47/55 MP: 5/5
  2617 | D:4      | Reached skill level 5 in Shields
  2618 | D:4      | Noticed Natasha
  2666 | D:3      | Reached skill level 5 in Armour
  2817 | D:3      | Reached skill level 5 in Fighting
  2824 | D:3      | Killed Natasha
  2940 | D:3      | Noticed Natasha
  2946 | D:3      | Killed Natasha
  3634 | D:3      | Noticed Natasha
  3638 | D:3      | Killed Natasha
  3795 | D:4      | Noticed Eustachio
  3797 | D:4      | Noticed Duvessa
  3800 | D:4      | Noticed Dowan
  3802 | D:4      | Noticed Ijyb
  3968 | D:3      | Killed Ijyb
  3968 | D:3      | Reached skill level 6 in Axes
  4087 | D:3      | Killed Eustachio
  4087 | D:3      | Reached XP level 7. HP: 54/61 MP: 6/6
  4134 | D:4      | Killed Duvessa
  4150 | D:4      | Killed Dowan
  4427 | D:4      | Found a stormy altar of Qazlal.
  4428 | D:4      | You fall into a shaft and drop 3 floors!
  4430 | D:7      | Reached skill level 7 in Axes
  4439 | D:7      | Splashed by a jelly's acid

Levels and vault maps discovered:
D:1:      tarquinn_simple_flora_water_f, layout_loops_ring,
          chequers_serial_rivers_micro_d, ashenzari_altar_1
D:2:      layout_basic, lemuel_round_altar, first_ration
D:3:      layout_loops_ring
D:4:      layout_rooms, nicolae_overflow_crystal_walls, temple_green,
          serial_forest, infiniplex_forest_lined_corner,
          infiniplex_forest_straight_2, infiniplex_forest_split,
          infiniplex_forest_lined_room_3, infiniplex_forest_end_2,
          infiniplex_forest_lined_ring, infiniplex_forest_zigzag_2,
          infiniplex_forest_straight_2, uniq_eustachio, uniq_ijyb, uniq_duvessa,
          uniq_natasha
D:7:      layout_cave_pools, nicolae_gozag_cash_rules_everything_around_me,
          ebering_ghost_gozag
Temple:   hc_temple_tempest_star

Skill      XL: |  1  2  3  4  5  6  7 |
---------------+----------------------+-----
Axes           | 3 4 5 6 7 |  7.2
Armour         | 4 5 6 |  6.0
Shields        | 4 5 6 |  6.0
Fighting       | 4 5 6 |  6.0

Action                   |  1- 3 |  4- 6 |  7- 9 || total
-------------------------+-------+-------+-------++-------
Melee: War axe           |   107 |   132 |    35 ||   274
       Headbutt          |    21 |    17 |     4 ||    42
  Use: Scroll            |       |     9 |       ||     9
  Eat: Chunk             |     2 |     8 |     1 ||    11
Armor: Scale mail        |    47 |    57 |    17 ||   121
Dodge: Dodged            |    27 |    28 |     5 ||    60
Block: Shield            |    47 |    98 |    28 ||   173
